 Dungeon Crawl Stone Soup version 0.28.0-53-g5a82cb258f (webtiles) character file.

Game seed: 17509881975586915230

2646 ZappyNine the Skirmisher (level 9, -8/50 HPs)
             Began as a Vine Stalker Fighter on June 1, 2022.
             Killed by divine providence
             ... invoked by an orc priest
              (11 damage)
             ... on level 6 of the Dungeon.
             The game lasted 00:07:40 (5145 turns).

ZappyNine the Skirmisher (Vine Stalker Fighter)     Turns: 5145, Time: 00:07:41

Health: -8/50      AC: 15    Str: 24    XL:     9   Next: 62%
Magic:  0/10       EV:  6    Int:  8    God:
Gold:   196        SH:  5    Dex: 18    Spells: 8/8 levels left

rFire   . . .      SeeInvis +   a - +0 rapier
rCold   . . .      Faith    .   c - +0 buckler
rNeg    . . .      Spirit   +   l - +0 plate armour
rPois   .          Reflect  .   n - +0 helmet
rElec   +          Harm     .   q - +0 cloak
rCorr   .          Rampage  .   (no gloves)
Will    +....                   (no boots)
Stlth   ..........              (no amulet)
HPRegen 0.96/turn               o - ring of Bodily Harmony {Wiz rElec Dex+5 SInv}
MPRegen 0.12/turn               (no ring)

@: mighty, studying Slings
A: fangs 3, regeneration 1, magic shield, antimagic bite, no potion heal 2
a: no special abilities


You were on level 6 of the Dungeon.
You visited 1 branch of the dungeon, and saw 6 of its levels.

You collected 196 gold pieces.

Inventory:

Hand Weapons
 a - a +0 rapier (weapon)
Armour
 b - a +0 scale mail
 c - a +0 buckler (worn)
 l - a +0 plate armour (worn)
 m - an orb of wrath
 n - a +0 helmet (worn)
 q - a +0 cloak (worn)
Jewellery
 o - the ring of Bodily Harmony (left hand) {Wiz rElec Dex+5 SInv}
   (You found it on level 3 of the Dungeon)

   [ring of wizardry]

   It improves your spell success rate.
   Dex:       It affects your dexterity (+5).
   rElec:     It insulates you from electricity.
   SInv:      It lets you see invisible.
 y - a ring of see invisible
Wands
 s - a wand of polymorph (5)
 t - a wand of digging (5)
 A - a wand of iceblast (8)
Scrolls
 d - a scroll of amnesia {unknown}
 f - a scroll of vulnerability {unknown}
 g - a scroll of summoning {unknown}
 h - 4 scrolls of immolation {unknown}
 i - 3 scrolls of identify {unknown}
 j - a scroll of noise {unknown}
 k - 4 scrolls of blinking {unknown}
 w - 2 scrolls of teleportation {unknown}
 x - a scroll of enchant armour {unknown}
Potions
 e - a potion of degeneration {unknown}
 p - a potion of brilliance {unknown}
 r - a potion of berserk rage {unknown}
 u - a potion of flight {unknown}
 z - 2 potions of resistance {unknown}


   Skills:
 + Level 7.3 Fighting
 + Level 7.0 Short Blades
 + Level 6.6 Armour
 - Level 2.6 Shields


You had 8 spell levels left.
You didn't know any spells.
Your spell library contained the following spells:

 Spells                   Type           Power      Damage    Failure   Level
 Gell's Gravitas          Tloc           0%         N/A       100%        3
 Teleport Other           Tloc           0%         N/A       100%        3
 Dispersal                Tloc           0%         N/A       100%        6


Dungeon Overview and Level Annotations

Branches:
Dungeon (6/15)
 Temple: D:4-7

Altars:
Okawaru

Shops:
D:2 !

Annotations:
D:4 1 runed translucent door, issech's ghost, amateur MiMo


Innate Abilities, Weirdness & Mutations

You have razor-sharp teeth.
Your natural rate of healing is unusually fast.
When hurt, damage is shared between your health and your magic reserves.
Your bite disrupts and absorbs the magic of your enemies.
Potions cannot restore your health.


Message History

The phantom hits you but does no damage.
The orc warrior hits you from afar with a +0 trident!
You hit the phantom but do no damage.
The phantom is heavily damaged.
The phantom hits you but does no damage.
The orc warrior barely misses you.
You completely miss the phantom.
The phantom is heavily damaged.
The orc priest barely misses you. The phantom hits you.
The orc warrior hits you but does no damage.
You miss the phantom. Your bite misses the phantom.
The phantom is heavily damaged.
The orc priest hits you but does no damage.
The phantom hits you.
The orc warrior hits you but does no damage.
You feel very mighty all of a sudden.
The orc priest begins to cast a cantrip, but forgets the words!
The phantom hits you but does no damage.
The orc warrior hits you from afar with a +0 trident!
* * * LOW HITPOINT WARNING * * *
Unknown command.
You closely miss the phantom. Your bite misses the phantom.
The phantom is heavily damaged.
The orc priest barely misses you.
A centaur skeleton comes into view.
The phantom hits you.
* * * LOW HITPOINT WARNING * * *
The orc warrior hits you from afar with a +0 trident.
* * * LOW HITPOINT WARNING * * *
You puncture the orc priest!
The orc priest is almost dead.
You block the orc priest's attack. You block the phantom's attack.
The orc warrior hits you from afar with a +0 trident.
* * * LOW HITPOINT WARNING * * *
Unknown command.
You closely miss the orc priest.
The orc priest is almost dead.
The orc priest invokes the aid of Beogh against you.
Beogh smites you!
You die...

###..##
#.........######..# ##.
#......#........... . #
###............###... ..
...............#..... .
#.####...Z..........###.
..................#####.
#.....Zoo..o......###[..
..####o###.............
. #@# #.......###.##
#.###W###o............
....$o#Z.........##...
.......)######....###.
#.##...W..# #....# .
........### ♣....♣ .
#.#####.# ♣♣..)♣ . #..
♣)♣♣ ...


You could see an orc warrior, a phantom, an orc priest, an orc wizard
(invisible), an orc, a wyvern skeleton and a centaur skeleton.

Vanquished Creatures
  Pikel (D:4)
  A troll (D:6)
  Grinder (D:4)
  Sigmund (D:5)
  Duvessa (D:5)
  An ice beast (D:5)
  4 ogres
  A necrophage (D:4)
  2 phantoms
  A kobold brigand (D:6)
  Blork the orc (D:5)
  Dowan (D:5)
  2 water moccasin skeletons
  A centaur zombie (D:5)
  3 orc priests
  A gnoll shaman (D:4)
  3 hounds
  A centaur skeleton (D:5)
  Ijyb (D:4)
  2 iguanas
  An orc wizard (D:5)
  2 hound skeletons
  A howler monkey zombie (D:6)
  5 gnolls
  3 adders
  A white imp (D:5)
  5 worms
  2 dart slugs
  6 orcs
  4 bats
  4 endoplasms
  A giant cockroach (D:2)
  5 goblins
  6 hobgoblins
  2 quokkas
  4 ball pythons
  7 frilled lizards
  10 kobolds
  8 rats
107 creatures vanquished.

Notes
Turn   | Place    | Note
-------+----------+-------------------------------------------
     0 | D:1      | ZappyNine the Vine Stalker Fighter began the quest for the
                  | Orb.
     0 | D:1      | Reached XP level 1. HP: 11/11 MP: 2/2
   417 | D:1      | Reached XP level 2. HP: 15/16 MP: 3/3
   966 | D:2      | Found Bogisor's Distillery.
  1086 | D:2      | Found a faded altar of an unknown god.
  1254 | D:2      | Reached XP level 3. HP: 20/20 MP: 4/4
  2122 | D:3      | Identified the ring of Bodily Harmony {Wiz rElec Dex+5
                  | SInv}
  2228 | D:3      | Gained mutation: Your natural rate of healing is unusually
                  | fast. [Vine Stalker growth]
  2228 | D:3      | Reached XP level 4. HP: 24/24 MP: 5/5
  2364 | D:3      | Found an iron altar of Okawaru.
  3038 | D:4      | Noticed Grinder
  3053 | D:4      | Killed Grinder
  3054 | D:4      | Reached XP level 5. HP: 22/29 MP: 6/6
  3054 | D:4      | Reached XP level 6. HP: 25/33 MP: 7/7
  3174 | D:4      | Noticed a necrophage
  3184 | D:4      | Killed a necrophage
  3185 | D:4      | Reached XP level 7. HP: 37/38 MP: 8/8
  3219 | D:4      | Noticed issech's ghost (amateur MiMo)
  3230 | D:4      | Found a runed translucent door.
  3269 | D:4      | Reached skill level 5 in Fighting
  3429 | D:4      | Noticed Pikel
  3468 | D:4      | Killed Pikel
  3469 | D:4      | Reached skill level 5 in Short Blades
  3469 | D:4      | Reached skill level 5 in Armour
  3469 | D:4      | Gained mutation: You have razor-sharp teeth. [Vine Stalker
                  | growth]
  3469 | D:4      | Reached XP level 8. HP: 44/44 MP: 9/9
  3492 | D:4      | Noticed Ijyb
  3520 | D:4      | Killed Ijyb
  3899 | D:5      | Entered Level 5 of the Dungeon
  4228 | D:5      | Noticed Duvessa
  4228 | D:5      | Noticed Dowan
  4233 | D:5      | Killed Dowan
  4244 | D:5      | Killed Duvessa
  4419 | D:5      | Noticed Sigmund
  4427 | D:5      | Killed Sigmund
  4428 | D:5      | Reached XP level 9. HP: 41/49 MP: 8/10
  4452 | D:5      | Noticed Blork the orc
  4457 | D:5      | Killed Blork the orc
  4801 | D:6      | Noticed a troll
  4814 | D:6      | Killed a troll
  5144 | D:6      | HP: 2/50 [orc warrior/+0 trident (5)]
  5145 | D:6      | Killed from afar by an orc priest

Illustrated notes

Levels and vault maps discovered:
D:1:      elethiomel_arrival_infinity_welcomes_careful_drivers,
          layout_loops_ring, serial_park_tiny_2
D:2:      minmay_recursive_quarters, layout_basic,
          shapermc_ecumenical_altar_mp_vishouse, serial_shops,
          nicolae_shop_temple_entry_statues_fountains
D:3:      layout_loops_corners, okawaru_metal_pillars_1_2
D:4:      layout_cave_pods, hellmonk_ghost_happy_afterlife, uniq_ijyb,
          uniq_grinder, uniq_pikel
D:5:      layout_cave_pools, wad_floor_pattern_untrapped, uniq_sigmund,
          uniq_blork_the_orc, uniq_duvessa
D:6:      layout_rooms, uniq_crazy_yiuf_cottage

Skill      XL: |  1  2  3  4  5  6  7  8  9 |
---------------+----------------------------+-----
Short Blades   | 2 3 4 5 6 7 |  7.0
Fighting       | 3 4 5 6 7 |  7.3
Armour         | 3 4 5 6 |  6.6
Shields        | |  2.6

Action                   |  1- 3 |  4- 6 |  7- 9 || total
-------------------------+-------+-------+-------++-------
Melee: Rapier            |   108 |    51 |   236 ||   395
       Bite              |    23 |    22 |    89 ||   134
       Unarmed           |       |       |    12 ||    12
  Use: Potion            |       |     1 |     1 ||     2
Armor: Scale mail        |     1 |       |       ||     1
       Plate armour      |    53 |    30 |   135 ||   218
Dodge: Dodged            |    33 |    11 |    63 ||   107
Block: Buckler           |    20 |     8 |    56 ||    84
